 Dungeon Crawl Stone Soup version 0.21.0 (webtiles) character file.

315 Jynx the Changer (level 6, -2/43 HPs)
             Began as a Merfolk Transmuter on Jan 6, 2018.
             Killed from afar by Blork the orc (10 damage)
             ... with a wand of flame (21)
             ... on level 4 of the Dungeon.
             The game lasted 00:07:57 (3823 turns).

Jynx the Changer (Merfolk Transmuter)               Turns: 3823, Time: 00:07:58

Health: -2/43      AC:  5    Str: 10    XL:     6   Next: 44%
Magic:  9/11       EV: 15    Int: 12    God:
Gold:   195        SH:  0    Dex: 17    Spells: 8/11 levels left

rFire    . . .     SeeInvis .     - Unarmed
rCold    . . .     Gourm    .   (no shield)
rNeg     . . .     Faith    .   b - +0 robe
rPois    .         Spirit   .   (no helmet)
rElec    .         Reflect  .   i - +2 cloak
rCorr    .         Harm     .   (no gloves)
MR       .....                  (no boots)
Stlth    ++........             (no amulet)
HPRegen  0.14/turn              (no ring)
MPRegen  0.12/turn              (no ring)

@: very slightly contaminated, invisible
A: change form in water, swift swim, stealthy swim
a: no special abilities


You were on level 4 of the Dungeon.
You were hungry.

You visited 1 branch of the dungeon, and saw 4 of its levels.

You collected 195 gold pieces.

Inventory:

Missiles
 a - 96 arrows
Armour
 b - a +0 robe (worn)
 i - a +2 cloak (worn)
Wands
 p - a wand of digging (12)
Scrolls
 e - 3 scrolls of blinking {unknown}
 g - 3 scrolls of identify {unknown}
 h - a scroll of enchant armour {unknown}
 j - a scroll of amnesia {unknown}
 k - a scroll of enchant weapon {unknown}
 l - a scroll of teleportation {unknown}
 o - a scroll of remove curse {unknown}
Potions
 f - a potion of cancellation {unknown}
 m - a potion of might {unknown}
 n - a potion of brilliance {unknown}
 r - a potion of curing {unknown}
 s - a potion of flight {unknown}
Books
 c - a book of Changes

   Spells                             Type                      Level
   a - Beastly Appendage              Transmutation                1
   b - Sticks to Snakes               Transmutation                2
   c - Spider Form                    Transmutation/Poison         3
   d - Ice Form                       Ice/Transmutation            4
   e - Blade Hands                    Transmutation                5
Comestibles
 d - 11 rations
 t - 3 chunks of flesh


   Skills:
 - Level 1.1 Fighting
 + Level 4.8 Dodging
 - Level 3.2 Unarmed Combat
 + Level 3.4 Spellcasting
 * Level 6.4 Transmutations


You had 8 spell levels left.
You knew the following spells:

 Your Spells              Type           Power        Failure   Level  Hunger
a - Beastly Appendage     Tmut           ###...       1%          1    #......
b - Sticks to Snakes      Tmut           ###.....     2%          2    ##.....


Dungeon Overview and Level Annotations

Branches:
Dungeon (4/15)
 Temple: D:4-7

Altars:
Ru
Sif Muna
Vehumet
Yredelemnul

Annotations:
D:4 Blork the orc


Message History

Something hits you but does no damage.
You closely miss something. Something hits you but does no damage.
Blork the orc zaps a wand.
The puff of flame hits you!
* * * LOW HITPOINT WARNING * * *
You closely miss something. You headbutt something.
Reactivating autopickup.
You feel a bit more experienced.
Blork the orc zaps a wand.
The puff of flame misses you.
Unknown command.
Okay, then.
You fade into invisibility!
Blork the orc barely misses you.
You are very lightly contaminated with residual magic.
Blork the orc zaps a wand.
The puff of flame hits your ball python.
Your ball python dies!
Blork the orc zaps a wand.
The puff of flame misses you.
Your horns disappear.
Blork the orc zaps a wand.
The puff of flame hits you!
You die...

.....................##.#
.#.#.#.....[...#...>...#
.......<.......######..### #
.#.#.#.......#...# ##.... .##.
.......#....####.#####....
....###.#######...###.......#..
......))# #................
#.....))# #####..........##.###
#.......###...@.....#.##.##.#
#........o....####.....#..#.###
.........###### #####.........
#..#.#...# #....#.##. #.
#.#.#.. ..######...#.##. #
....#... ..............##
.#.####... .#########......
#.#. >... ###.... # ....# #....


You could see Blork the orc.

Vanquished Creatures
  An orc wizard (D:2)
  An iguana (D:4)
  2 worker ants (D:4)
  A hound skeleton (D:3)
  Robin (D:3)
  3 adders
  An adder skeleton (D:4)
  3 worms
  A dart slug (D:2)
  3 leopard geckos
  5 orcs (D:4)
  A ball python (D:2)
  5 giant cockroaches
  2 gnoll zombies (D:2)
  8 hobgoblins
  3 kobolds (D:2)
  A quokka (D:2)
  6 bats
  4 frilled lizards
  13 goblins
  11 rats
76 creatures vanquished.

Vanquished Creatures (collateral kills)
  Crazy Yiuf (D:3)
  An orc priest (D:4)
  An orc wizard (D:4)
  An adder (D:2)
  An orc (D:4)
  2 goblins (D:3)
  2 hobgoblins (D:3)
9 creatures vanquished.

Grand Total: 85 creatures vanquished

Notes
Turn   | Place    | Note
-------+----------+-------------------------------------------
     0 | D:1      | Jynx the Merfolk Transmuter began the quest for the Orb.
     0 | D:1      | Reached XP level 1. HP: 15/15 MP: 3/3
   117 | D:1      | Reached skill level 3 in Transmutations
   232 | D:1      | Reached XP level 2. HP: 21/21 MP: 3/5
   585 | D:1      | Learned a level 2 spell: Sticks to Snakes
  1126 | D:2      | Found a sacrificial altar of Ru.
  1131 | D:2      | Reached XP level 3. HP: 21/26 MP: 4/6
  1139 | D:2      | Reached skill level 4 in Transmutations
  1278 | D:2      | Reached XP level 4. HP: 32/32 MP: 5/7
  1698 | D:2      | Found a radiant altar of Vehumet.
  2057 | D:2      | Found a deep blue altar of Sif Muna.
  2118 | D:2      | Found a basalt altar of Yredelemnul.
  2230 | D:3      | Noticed Robin
  2281 | D:3      | Reached skill level 5 in Transmutations
  2398 | D:3      | Killed Robin
  2398 | D:3      | Reached XP level 5. HP: 24/37 MP: 4/9
  2490 | D:3      | Found a runed door.
  3024 | D:3      | Noticed Crazy Yiuf
  3062 | D:3      | Killed Crazy Yiuf
  3201 | D:4      | Reached skill level 6 in Transmutations
  3201 | D:4      | Reached XP level 6. HP: 31/43 MP: 4/10
  3803 | D:4      | Noticed Blork the orc
  3823 | D:4      | Killed from afar by Blork the orc

Skill      XL: |  1  2  3  4  5 |
---------------+----------------+-----
Transmutations | 3 4 5 6 |  6.4
Dodging        | 3 4 |  4.8
Spellcasting   | 3 |  3.4
Fighting       | |  1.1
Unarmed Combat | |  3.2

Action                   |  1- 3 |  4- 6 || total
-------------------------+-------+-------++-------
Melee: Unarmed           |    54 |   219 ||   273
       Headbutt          |     9 |    32 ||    41
       Punch             |       |     2 ||     2
 Cast: Beastly Appendage |    20 |    29 ||    49
       Sticks to Snakes  |     2 |    17 ||    19
  Use: Potion            |       |     1 ||     1
 Stab: Invisible         |     1 |       ||     1
       Distracted        |       |     1 ||     1
  Eat: Chunk             |     2 |     9 ||    11
Armor: Robe              |    19 |    54 ||    73
Dodge: Dodged            |    43 |   185 ||   228
